 Dungeon Crawl Stone Soup version 0.27-a0-1579-g97d2440184 (webtiles) character file.

Game seed: 8001548571008589558

58293 HoaS the Cruncher (level 14, 0/96 HPs)
             Began as a Gargoyle Gladiator on July 13, 2021.
             Was the Champion of Okawaru.
             Shot with an arrow by Nessos (1 damage)
             ... on level 12 of the Dungeon on July 17, 2021.
             The game lasted 00:41:43 (17949 turns).

HoaS the Cruncher (Gargoyle Gladiator)             Turns: 17949, Time: 00:41:43

Health: 0/96       AC: 32    Str: 22    XL:     14   Next: 89%
Magic:  21/21      EV: 11    Int: 13    God:    Okawaru [******]
Gold:   2165       SH:  0    Dex: 11    Spells: 13/13 levels left

rFire    . . .     SeeInvis .   w - +2 lajatang (spect)
rCold    . . .     Faith    .   (shield currently unavailable)
rNeg     + . .     Spirit   .   y - +2 chain mail {Will+}
rPois    ∞         Reflect  .   v - +1 helmet {Int+3}
rElec    +         Harm     .   u - +0 cloak
rCorr    +         Rampage  .   c - +1 pair of gloves
Will     ++...                  t - +1 pair of boots
Stlth    ..........             m - amulet of regeneration
HPRegen  1.26/turn              A - ring of resist corrosion
MPRegen  0.17/turn              (no ring)

@: flying
A: sickness immunity, AC +10, big wings, negative energy resistance 1,
electricity resistance, torment resistance 1, petrification resistance
a: Renounce Religion, Heroism, Finesse


You were on level 12 of the Dungeon.
You worshipped Okawaru.
Okawaru was exalted by your worship.
You visited 3 branches of the dungeon, and saw 19 of its levels.
You also visited: Sewer and Bailey.

You collected 2165 gold pieces.

Inventory:

Hand Weapons
 e - the +2 quarterstaff of the Screaming Badger {freeze, Fly Dex+4}
   (Okawaru gifted it to you on level 11 of the Dungeon)

   It freezes those it strikes, dealing additional cold damage.
   It can also slow down cold-blooded creatures.
   Dex:       It affects your dexterity (+4).
   Fly:       It grants you flight.
 q - the +7 shortbow of the Nexus {vorpal, rN+}
   (You found it in a bailey)

   Any ammunition fired from it inflicts extra damage upon your enemies.
   rN:        It protects you from negative energy.
 w - a +2 spectral lajatang (weapon)
Missiles
 h - 308 arrows
 F - 2 throwing nets (quivered)
Armour
 c - a +1 pair of gloves (worn)
 t - a +1 pair of boots (worn)
 u - a +0 cloak (worn)
 v - a +1 helmet of intelligence (worn)
 y - a +2 chain mail of willpower (worn)
Jewellery
 m - an amulet of regeneration (around neck)
 A - a ring of resist corrosion (left hand)
Wands
 d - a wand of polymorph (3)
 g - a wand of iceblast (19)
 r - a wand of flame (19)
 x - a wand of acid (9)
 C - a wand of paralysis (15)
 H - a wand of mindburst (11)
Scrolls
 j - 19 scrolls of teleportation
 o - 3 scrolls of fear
 z - a scroll of silence
 D - a scroll of fog
Potions
 a - 2 potions of might
 b - 6 potions of lignification
 f - 2 potions of resistance
 i - 9 potions of curing
 k - a potion of berserk rage {unknown}
 l - 10 potions of flight
 n - 3 potions of attraction
 p - 4 potions of cancellation
 s - 3 potions of heal wounds
 B - 2 potions of brilliance {unknown}
 E - 2 potions of haste {unknown}
 G - 13 potions of ambrosia
 I - a potion of invisibility {unknown}


   Skills:
 - Level 14.0 Fighting
 - Level 14.0 Staves
 + Level 4.8 Bows
 - Level 1.7 Throwing
 - Level 10.0 Armour
 - Level 10.0 Dodging
 - Level 9.5 Invocations


You had 13 spell levels left.
You didn't know any spells.
Your spell library contained the following spells:

 Spells                   Type           Power      Damage    Failure   Level
 Foxfire                  Conj/Fire      0%         2x1d4     88%         1
 Magic Dart               Conj           0%         1d3       88%         1
 Shock                    Conj/Air       0%         1d3       88%         1
 Searing Ray              Conj           0%         3d3       96%         2
 Confusing Touch          Hex            0%         N/A       99%         3
 Frozen Ramparts          Ice            0%         1d2       99%         3
 Gell's Gravitas          Tloc           0%         N/A       99%         3
 Lesser Beckoning         Tloc           0%         N/A       99%         3
 Stone Arrow              Conj/Erth      0%         3d7       99%         3
 Summon Guardian Golem    Hex/Summ       0%         N/A       99%         3
 Swiftness                Air            0%         N/A       99%         3
 Teleport Other           Tloc           0%         N/A       99%         3
 Airstrike                Air            0%         N/A       100%        4
 Cause Fear               Hex            0%         N/A       100%        4
 Fulminant Prism          Conj/Hex       0%         3d6       100%        4
 Petrify                  Tmut/Erth      0%         N/A       100%        4
 Bolt of Magma            Conj/Fire/Erth 0%         4d4       100%        5
 Irradiate                Conj/Tmut      0%         3d13      100%        5
 Silence                  Hex/Air        0%         N/A       100%        5
 Death Channel            Necr           0%         N/A       100%        6
 Dragon Form              Tmut           0%         N/A       100%        7
 Orb of Destruction       Conj           0%         N/A       100%        7
 Spellforged Servitor     Conj/Summ      0%         N/A       100%        7
 Borgnjor's Revivificati  Necr           0%         N/A       100%        8
 Necromutation            Tmut/Necr      0%         N/A       100%        8
 Death's Door             Necr           0%         N/A       100%        9
 Dragon's Call            Summ           0%         N/A       100%        9
 Polar Vortex             Ice            0%         N/A       100%        9
 Shatter                  Erth           0%         3d5*      100%        9
 Sublimation of Blood     Necr           Unusable   N/A       N/A         2

Dungeon Overview and Level Annotations

Branches:
Dungeon (12/15)            Temple (1/1) D:5            Lair (6/6) D:8
 Shoals (0/4) Lair:2       Spider (0/4) Lair:2        Slime (0/5) Lair:5
    Orc (0/2) D:10          Sewer (visited)          Bailey (visited)

Altars:
Ashenzari
Cheibriados
Dithmenos
Elyvilon
Fedhas
Gozag
Hepliaklqana
Kikubaaqudgha
Makhleb
Nemelex Xobeh
Okawaru
Qazlal
Ru
Sif Muna
Trog
Uskayaw
Vehumet
Wu Jian
Xom
Yredelemnul
Zin
The Shining One

Shops:
D:3 !(:   D:7 **

Portals:
Trove: D:10 (give +3 storm dragon scales)

Annotations:
D:12 Nessos


Innate Abilities, Weirdness & Mutations

You are immune to sickness and miasma.
Your stone body is resilient. (AC +10)
You are immune to poison.
Your large and strong wings let you fly.
You resist negative energy. (rN+)
You are resistant to electric shocks. (rElec)
You are resistant to unholy torment.
You are immune to petrification.


Message History

Nessos wields a +3 longbow of flaming.
It bursts into flame!
Nessos shoots an arrow.
The arrow barely misses you.
You shoot an arrow. The arrow hits the purple ugly thing!
The purple ugly thing is lightly wounded.
Nessos zaps a wand.
The mass of ice explodes!
The iceblast engulfs you!
Nessos zaps a wand.
The mass of ice explodes!
The iceblast engulfs you but does no damage.
Nessos says, "I'll learn you. I'll learn you yet!"
You shoot an arrow. The arrow hits the purple ugly thing.
The purple ugly thing is moderately wounded.
Nessos shoots an arrow.
The arrow hits you but does no damage.
Nessos shoots an arrow.
The arrow hits you! The arrow burns you.
You feel a bond with your your +2 spectral lajatang.
w - a +2 spectral lajatang (weapon)
Nessos shoots an arrow.
The arrow hits you! The arrow burns you.
You slash the purple ugly thing!
The purple ugly thing is moderately wounded.
Your spectral +2 spectral lajatang hits the purple ugly thing!
Nessos shoots an arrow.
The arrow hits you! The arrow burns you.
Nessos blinks!
The purple ugly thing closely misses you.
You slice the purple ugly thing!!
The purple ugly thing is almost dead.
Your spectral +2 spectral lajatang completely misses the purple ugly thing.
Nessos zaps a wand.
The mass of ice explodes!
The iceblast engulfs you but does no damage.
The purple ugly thing tail-slaps you!
Nessos shoots an arrow.
The arrow hits you.
* * * LOW HITPOINT WARNING * * *
The arrow burns you.
* * * LOW HITPOINT WARNING * * *
You slice the purple ugly thing!!
You kill the purple ugly thing!
Okawaru accepts your kill.
Nessos zaps a wand.
The mass of ice explodes!
The iceblast engulfs you!!
* * * LOW HITPOINT WARNING * * *
Nessos stands on their hind legs for a moment.
Nessos shoots an arrow.
The arrow hits you.
* * * LOW HITPOINT WARNING * * *
The arrow burns you.
You die...

###### #..<.#
#....# #....#
#....###
##......###
......#...#
##....###.########
#....#
#.c.....@######
#....#
########§((...#
##.###
######.....# #.
...## #. .## .. #


You could see Nessos (fast).

Vanquished Creatures
  A fire dragon (Lair:1)
  9 hydras
  A two-headed ogre (D:10)
  3 catoblepae (Lair:6)
  4 death yaks (Lair:6)
  2 orc high priests (Bailey)
  Sonja (Lair:6)
  4 orc knights (Bailey)
  An ugly thing (D:12)
  2 manticores (Lair:6)
  13 elephants (Lair:6)
  5 black mambas
  2 torpor snails
  6 cane toads
  2 rime drakes
  An unseen horror (D:11)
  8 komodo dragons
  A jumping spider (Lair:2)
  A queen bee (Lair:2)
  A troll (D:11)
  A polar bear (Lair:4)
  25 blink frogs
  A hornet (D:8)
  14 dream sheep
  2 wraiths
  70 yaks
  3 wyverns
  3 basilisks
  A steam dragon (D:8)
  2 acid dragons
  12 water moccasins
  16 orc warriors
  4 sky beasts
  6 black bears
  An ogre (D:5)
  4 centaurs
  2 phantoms
  Blork the orc (D:3)
  3 kobold brigands
  15 bullfrogs
  A gnoll sergeant (D:9)
  A wyvern zombie (D:8)
  35 killer bees
  8 electric eels
  11 wights
  3 howler monkeys
  8 centaur zombies
  5 jellies
  2 orc priests (D:11)
  A bullfrog zombie (D:6)
  A hound (D:5)
  Jessica (D:2)
  3 iguanas
  6 orc wizards
  A merfolk siren (Sewer)
  10 hell rats
  A merfolk avatar (Sewer)
  Robin (D:3)
  10 gnolls
  19 river rats
  8 adders
  A shadow imp (D:6)
  2 white imps
  2 ufetubi
  An adder skeleton (D:4)
  3 worms
  2 dart slugs
  40 orcs
  A bat (D:1)
  6 endoplasms
  9 giant cockroaches
  34 goblins
  12 hobgoblins
  25 kobolds
  4 quokkas
  9 ball pythons
  3 frilled lizards
  29 rats
573 creatures vanquished.

Vanquished Creatures (collateral kills)
  A komodo dragon (Lair:1)
  2 yaks (Lair:2)
  An orc warrior (D:8)
4 creatures vanquished.

Vanquished Creatures (others)
  19 fungi
  35 plants
54 creatures vanquished.

Grand Total: 631 creatures vanquished

Notes
Turn   | Place    | Note
-------+----------+-------------------------------------------
     0 | D:1      | HoaS the Gargoyle Gladiator began the quest for the Orb.
     0 | D:1      | Reached XP level 1. HP: 12/12 MP: 1/1
   498 | D:1      | Reached XP level 2. HP: 17/17 MP: 2/2
  1124 | D:2      | Reached XP level 3. HP: 19/21 MP: 3/3
  1674 | D:2      | Found a shadowy altar of Dithmenos.
  1693 | D:2      | Noticed Jessica
  1709 | D:2      | Killed Jessica
  1710 | D:2      | Reached XP level 4. HP: 15/26 MP: 4/4
  1944 | D:3      | Reached skill level 5 in Staves
  2292 | D:3      | Found Ugyziph's Weapon Shoppe.
  2294 | D:3      | Reached XP level 5. HP: 30/30 MP: 5/5
  2378 | D:3      | Found Pamp's Book Emporium.
  2388 | D:3      | Found Ugiusunn's Distillery.
  2855 | D:4      | Found a large runed translucent door.
  2855 | D:4      | Found a large runed translucent door.
  2920 | D:4      | Noticed Blork the orc
  2932 | D:3      | Killed Blork the orc
  2985 | D:4      | Reached XP level 6. HP: 29/35 MP: 6/6
  3311 | D:4      | Noticed Robin
  3330 | D:3      | Killed Robin
  3465 | D:4      | Noticed a black bear
  3497 | D:4      | Killed a black bear
  3498 | D:4      | Reached XP level 7. HP: 38/40 MP: 7/7
  3855 | D:4      | Found an ancient bone altar of Kikubaaqudgha.
  3861 | D:4      | Found a snail-covered altar of Cheibriados.
  3890 | D:5      | Entered Level 5 of the Dungeon
  3966 | D:5      | Found a glowing drain.
  3995 | Sewer    | Entered a sewer
  4497 | D:5      | Reached XP level 8. HP: 43/44 MP: 8/8
  4747 | D:5      | Got the Papyrus of Arcane Weapons and Snow
  4824 | D:5      | Found a staircase to the Ecumenical Temple.
  4833 | Temple   | Entered the Ecumenical Temple
  5054 | Temple   | Became a worshipper of Warmaster Okawaru
  5133 | D:5      | Reached skill level 10 in Staves
  5174 | D:5      | Reached skill level 1 in Invocations
  5176 | D:5      | Found the +2 ratskin cloak {*Rats rPois rN+ Str-1 Int-1
                  | Dex+1}
  5178 | D:5      | Reached skill level 1 in Bows
  5350 | D:5      | Reached * piety under Okawaru
  5802 | D:6      | Found a radiant altar of Vehumet.
  5834 | D:6      | Reached XP level 9. HP: 48/48 MP: 11/11
  6688 | D:7      | Found a hide-covered altar of Uskayaw.
  6708 | D:7      | Reached ** piety under Okawaru
  6911 | D:7      | Found Refaw's General Store.
  7189 | D:7      | Found Bytoy's General Store.
  7442 | D:8      | Found a staircase to the Lair.
  7550 | D:8      | Reached XP level 10. HP: 42/53 MP: 12/12
  7648 | D:8      | Reached *** piety under Okawaru
  8043 | D:8      | Reached **** piety under Okawaru
  8053 | D:8      | Reached skill level 1 in Armour
  8088 | D:8      | Identified the +2 robe "Guggutemui" {Contam rF++ Dex+2
                  | Slay+6}
  9420 | Lair:1   | Entered Level 1 of the Lair of Beasts
  9432 | Lair:1   | Reached skill level 5 in Fighting
  9485 | Lair:1   | Reached XP level 11. HP: 39/64 MP: 13/13
  9564 | Lair:1   | Noticed a four-headed hydra
  9580 | Lair:1   | Killed a four-headed hydra
  9580 | Lair:1   | Reached ***** piety under Okawaru
  9580 | Lair:1   | Received a gift from Okawaru
  9870 | Lair:1   | Noticed a five-headed hydra
  9899 | Lair:1   | Killed a five-headed hydra
  9899 | Lair:1   | Received a gift from Okawaru
  9900 | Lair:1   | Reached skill level 5 in Armour
 10031 | Lair:1   | Reached skill level 5 in Invocations
 10051 | Lair:1   | Reached skill level 5 in Dodging
 10104 | Lair:1   | Noticed a fire dragon
 10126 | Lair:1   | Killed a fire dragon
 10232 | Lair:1   | Reached XP level 12. HP: 75/75 MP: 16/16
 10555 | Lair:2   | Noticed a six-headed hydra
 10565 | Lair:1   | Killed a six-headed hydra
 10846 | Lair:2   | Found a staircase to the Shoals.
 10858 | Lair:2   | Found a hole to the Spider Nest.
 11241 | Lair:2   | Reached skill level 10 in Fighting
 11716 | Lair:3   | Received a gift from Okawaru
 12102 | Lair:3   | Received a gift from Okawaru
 12589 | Lair:4   | Reached XP level 13. HP: 77/84 MP: 19/19
 13236 | Lair:5   | Received a gift from Okawaru
 13298 | Lair:5   | Received a gift from Okawaru
 13415 | Lair:5   | Found a staircase to the Slime Pits.
 13536 | Lair:5   | Reached ****** piety under Okawaru
 13659 | Lair:5   | Identified the +2 robe of Byap {rN+ MP+9 Int+4}
 14320 | Lair:6   | Entered Level 6 of the Lair of Beasts
 14402 | Lair:6   | Noticed Sonja
 14406 | Lair:6   | Killed Sonja
 14459 | Lair:6   | Received a gift from Okawaru
 14616 | Lair:6   | Gained mutation: Your large and strong wings let you fly.
                  | [Gargoyle growth]
 14616 | Lair:6   | Reached XP level 14. HP: 94/94 MP: 21/21
 14697 | Lair:6   | Upgraded the game from 0.27-a0-1529-g1e82c303ef to
                  | 0.27-a0-1557-g57f10a385c
 15147 | Lair:6   | Received a gift from Okawaru
 15161 | Lair:6   | Reached skill level 10 in Armour
 15785 | D:10     | Entered Level 10 of the Dungeon
 16044 | D:10     | Found a portal to a secret trove of treasure.
 16242 | D:10     | Found a staircase to the Orcish Mines.
 16746 | D:11     | Identified the +2 quarterstaff of the Screaming Badger
                  | {freeze, Fly Dex+4} (Okawaru gifted it to you on level 11
                  | of the Dungeon)
 16746 | D:11     | Received a gift from Okawaru
 16766 | D:11     | Found a flagged portal.
 16775 | Bailey   | Entered a bailey
 16776 | Bailey   | Upgraded the game from 0.27-a0-1557-g57f10a385c to
                  | 0.27-a0-1579-g97d2440184
 16902 | Bailey   | Found an iron altar of Okawaru.
 16939 | Bailey   | Reached skill level 10 in Dodging
 17161 | Bailey   | Got the Papyrus of Enthralling Darkness
 17273 | Bailey   | Identified the +7 shortbow of the Nexus {vorpal, rN+}
 17302 | D:11     | Acquired 750 gold pieces
 17633 | D:11     | Identified the +1 leather armour of Mental Paralysis {rPois
                  | MP+9 Dex+2}
 17745 | D:11     | Found a bloodstained altar of Trog.
 17934 | D:12     | Noticed Nessos
 17949 | D:12     | HP: 3/96 [Nessos/iceblast (22)]
 17949 | D:12     | HP: 1/96 [Nessos/arrow (2)]
 17949 | D:12     | Shot with an arrow by Nessos

Illustrated notes

Levels and vault maps discovered:
D:1:      sevenhm_arrival_forest_fort_large_1, layout_basic
D:2:      layout_basic, basic_altar, item_on_display_a, uniq_jessica
D:3:      layout_loops_ring, serial_shops, shop_statue, shop_fountains, shop
D:4:      layout_basic, jmf_multi_god_temple2, kennysheep_boxes, uniq_robin,
          uniq_blork_the_orc
D:5:      wander_guarded_unrand_ratskin, layout_loops_ring,
          minmay_temple_entry_waves, gup_sewer_entry_glass, minmay_ogre_servants
D:6:      layout_basic, nicolae_vehumet_radiance
D:7:      layout_gridville, eat_drink_and_be_merry_uskayaw, serial_shops, shop,
          nicolae_shop_stone
D:8:      layout_loops_corners, david_lair_generic, kennysheep_kite_vault
D:9:      layout_gridville
D:10:     layout_gridville, david_orc_4, enter_trove_1, nicolae_benzene_ring,
          grunt_decor_mini_mirrors, bh_walls_and_bars
D:11:     layout_small_grid, enter_bailey_2, trog_hazing_becter
D:12:     minmay_clustersquares, layout_rooms, ebering_ghost_reflecting_pool,
          uniq_nessos
Temple:   eino_narrow_crystal_temple
Lair:1:   dragon1_lemuel, layout_hall_layers, st_stairs_10, grunt_megastairs_1
Lair:2:   layout_roguey [special_room_bee], shoals_dummy_entry,
          spider_nest_entry_a, infiniplex_staircase_pool, serial_bayou_shore_b
Lair:3:   layout_gridlike
Lair:4:   layout_loops_ring, serial_bayou_pond_c
Lair:5:   layout_cave_pods, nicolae_slime_entry_slimehenge, grunt_megastairs_3,
          serial_bayou_shore_a
Lair:6:   evilmike_catoblepas_cave, layout_regular_city, grunt_megastairs_5,
          uniq_sonja

Skill      XL: |  1  2  3  4  5  6  7  8  9 10 11 12 13 14 |
---------------+-------------------------------------------+-----
Staves         | 4 5 6 7 9 10 13 14 | 14.0
Invocations    | 3 5 8 9 |  9.5
Bows           | 2 4 |  4.8
Armour         | 3 5 7 9 10 | 10.0
Fighting       | 5 8 10 13 14 | 14.0
Dodging        | 3 5 6 7 10 | 10.0
Throwing       | |  1.7

Action                   |  1- 3 |  4- 6 |  7- 9 | 10-12 | 13-15 || total
-------------------------+-------+-------+-------+-------+-------++-------
Melee: Quarterstaff      |    59 |   139 |   434 |   747 |    39 ||  1418
       Lajatang          |       |       |       |    48 |   504 ||   552
 Fire: Shortbow          |       |       |       |       |     5 ||     5
Throw: Throwing net      |     3 |     4 |     1 |     2 |       ||    10
       Boomerang         |       |       |       |     3 |       ||     3
Invok: Heroism           |       |       |     1 |     6 |     5 ||    12
       Finesse           |       |       |       |     3 |     4 ||     7
Evoke: Wand              |       |       |       |     4 |     4 ||     8
  Use: Scroll            |     5 |     5 |     3 |     9 |     5 ||    27
 Stab: Held in net/web   |       |     2 |     2 |     2 |       ||     6
       Distracted        |       |       |       |     2 |     9 ||    11
       Petrifying        |       |       |       |       |     1 ||     1
       Petrified         |       |       |       |       |     1 ||     1
Armor: Leather armour    |     6 |       |       |       |       ||     6
       Ring mail         |    13 |    27 |       |       |       ||    40
       Chain mail        |       |    43 |   224 |   430 |   304 ||  1001
Dodge: Dodged            |    30 |    38 |   125 |   284 |   222 ||   699

Table legend: (Time is in decaauts)
 A = Elapsed time spent in this place.
 B = Non-inter-level travel time spent in this place.
 C = Inter-level travel time spent in this place.
 D = Time resting spent in this place.
 E = Time spent auto-exploring this place.
 F = Levels seen in this place.
 G = Mean time per level.
                   A        B        C        D        E       F      G
               +--------+--------+--------+--------+--------+-----+--------+
         Total |  17411 |  16294 |   1117 |   1178 |  11879 |  21 |  829.1 |
       Dungeon |  10229 |   9515 |    714 |    888 |   6961 |  12 |  852.4 |
        Temple |    236 |    204 |     32 |      0 |    203 |   1 |  236.0 |
          Lair |   5934 |   5564 |    370 |    189 |   4234 |   6 |  989.0 |
         Sewer |    511 |    511 |      0 |     74 |    207 |   1 |  511.0 |
        Bailey |    499 |    499 |      0 |     27 |    272 |   1 |  499.0 |
               +--------+--------+--------+--------+--------+-----+--------+

Top non-repeatable levels by time:
     D:8: 1253 daAuts
  Lair:6: 1210 daAuts
     D:5: 1164 daAuts
  Lair:5: 1121 daAuts
     D:3: 1059 daAuts
  Lair:1: 1034 daAuts
  Lair:2: 1033 daAuts
     D:4: 979 daAuts
     D:1: 961 daAuts
     D:2: 911 daAuts
    D:10: 886 daAuts
     D:6: 848 daAuts
     D:9: 825 daAuts
  Lair:3: 793 daAuts
  Lair:4: 741 daAuts
